Map: [ESL] Alcyone

Players

Wayne - Winner!

  • Race: Zerg Zerg
  • Spawn Location: 7:00

Gerald

  • Race: Protoss Protoss
  • Spawn Location: 1:00

Event: ESL SC2 Masters 2023 Winter (Regional)

VOD

Have the link to the VOD?

Description

Time

  • Played on: Nov. 5, 2023, 11:41 a.m.
  • Length: 9:36

All games in this series

Show
View Real Time Build Order
Export as new Build Order

Wayne Zerg - Winner!

Build Orders: Hatch First, Swarm Host 

Get SALT Encoding   

  12  0:00  Drone  
  13  0:11  Overlord  
  13  0:16  Drone  
  14  0:30  Drone x2  
  16  0:48  Hatchery  
  15  0:50  Drone  
  15  0:54  Drone  
  17  0:57  Drone  
  18  1:10  Extractor  
  17  1:13  Spawning Pool  
  17  1:17  Drone  
  17  1:20  Drone  
  18  1:28  Drone  
  19  1:38  Drone  
  20  1:49  Overlord  
  20  1:59  Queen  
  20  2:00  Queen  
  20  2:01  Zergling x4  
  26  2:11  Drone x2  
  26  2:13  Metabolic Boost  
  28  2:21  Drone x2  
  30  2:34  Hatchery  
  29  2:40  Drone x2  
  31  2:46  Queen  
  31  2:51  Overlord  
  33  2:53  Zergling x2  
  33  2:55  Zergling x2  
  35  3:00  Drone  
  36  3:12  Drone x2  
  38  3:13  Overlord  
  38  3:14  Queen  
  38  3:17  Zergling x2  
  41  3:20  Drone x2  
  41  3:22  Drone  
  44  3:31  Queen  
  45  3:37  Drone x3  
  47  3:43  Drone  
  48  3:50  Drone x4  
  48  3:55  Queen  
  54  4:05  Roach Warren  
  54  4:06  Drone x2  
  54  4:09  Overlord  
  55  4:13  Overlord  
  55  4:16  Drone x2  
  57  4:21  Zergling x2  
  57  4:28  Overlord  
  57  4:30  Drone x2  
  57  4:31  Spore Crawler  
  58  4:32  Spore Crawler  
  58  4:36  Zergling x8  
  61  4:40  Drone x3  
  61  4:41  Drone  
  65  4:50  Lair  
  65  4:53  Drone x5  
  65  4:58  Overlord  
  65  4:59  Evolution Chamber  
  69  5:02  Drone x3  
  69  5:05  Drone  
  69  5:07  Drone x3  
  74  5:10  Drone  
  76  5:14  Extractor  
  76  5:15  Extractor, Drone x4  
  76  5:16  Extractor  
  76  5:17  Drone  
  76  5:18  Drone  
  79  5:22  Roach x2  
  79  5:25  Drone  
  79  5:28  Zerg Missile Weapons Level 1  
  83  5:29  Extractor  
  83  5:34  Overlord  
  82  5:36  Drone x5  
  87  5:46  Extractor  
  87  5:48  Overlord  
  86  5:50  Drone x3, Infestation Pit  
  86  5:53  Overlord  
  86  5:54  Roach x4  
  95  5:58  Glial Reconstitution  
  95  6:00  Overlord  
  95  6:01  Drone x2  
  95  6:17  Overseer  
  95  6:20  Hatchery  
  95  6:21  Overlord  
  95  6:24  Overseer  
  94  6:30  Swarm Host x4  
  106  6:36  Swarm Host x2  
  112  6:43  Swarm Host  
  112  6:44  Zergling x2, Overlord  
  112  6:45  Zergling x14  
  122  6:49  Roach x3  
  122  6:51  Overlord  
  128  6:55  Overlord  
  128  7:02  Overlord, Ravager x2  
  128  7:03  Roach x4  
  138  7:12  Roach x4  
  146  7:15  Overlord  
  146  7:16  Zergling x2  
  146  7:17  Zergling x6  
  150  7:26  Overlord  
  150  7:27  Roach  
  150  7:28  Roach x3  
  156  7:35  Roach x4  
  153  7:39  Roach  
  151  7:51  Roach x9  
  159  7:54  Queen  
  159  7:58  Roach x5  
  161  8:05  Overseer  
  153  8:09  Roach x6  
  153  8:12  Ravager  
  164  8:13  Ravager x2  
  164  8:19  Overlord  
  166  8:21  Zergling x12  
  166  8:25  Spore Crawler  
  171  8:29  Ravager  
  171  8:30  Ravager  
  171  8:31  Ravager  
  173  8:37  Zergling x16  
  181  8:42  Overlord  
  179  8:48  Ravager x5  
  179  8:49  Zergling x14  
  191  8:58  Overlord  
  185  9:05  Overlord  
  185  9:08  Zergling x8  
  185  9:09  Zergling x10  
  188  9:34  Spine Crawler  
Show
View Real Time Build Order
Export as new Build Order

Gerald Protoss 

Build Orders: 1 Gate Expand, Archon Immortal 

Get SALT Encoding   

  12  0:00  Probe  
  13  0:12  Probe  
  14  0:20  Pylon  
  14  0:24  Probe  
  15  0:38  Probe (Chrono Boost)  
  15  0:40  Gateway  
  16  0:48  Probe (Chrono Boost)  
  17  0:51  Assimilator  
  17  0:53  Probe (Chrono Boost)  
  18  1:05  Probe  
  20  1:18  Probe  
  20  1:26  Nexus  
  20  1:30  Probe  
  21  1:38  Cybernetics Core  
  21  1:42  Probe  
  22  1:48  Assimilator  
  22  1:54  Pylon  
  22  1:56  Probe  
  23  2:12  Probe, Adept (Chrono Boost)  
  26  2:18  Twilight Council  
  26  2:23  Warp Gate  
  26  2:28  Probe  
  27  2:32  Adept (Chrono Boost)  
  29  2:38  Probe  
  29  2:40  Probe  
  31  2:50  Probe  
  32  2:51  Robotics Facility  
  32  2:53  Probe  
  32  2:57  Stalker (Chrono Boost)  
  33  3:03  Probe  
  37  3:05  Probe  
  37  3:15  Probe  
  37  3:17  Assimilator, Probe  
  39  3:23  Gateway  
  40  3:27  Pylon, Probe  
  40  3:29  Probe  
  41  3:37  Warp Prism (Chrono Boost)  
  41  3:39  Probe  
  44  3:42  Probe  
  44  3:47  Templar Archives  
  45  3:51  Probe  
  45  3:53  Pylon  
  45  3:55  Probe  
  47  3:57  Assimilator  
  47  4:03  Probe  
  47  4:07  Probe  
  49  4:15  Probe  
  50  4:19  Nexus  
  50  4:23  Pylon  
  50  4:27  Probe  
  50  4:29  High Templar  
  50  4:30  High Templar  
  55  4:31  Probe  
  56  4:39  Probe  
  56  4:40  Immortal (Chrono Boost)  
  56  4:44  Probe  
  62  4:47  Archon  
  62  4:50  Pylon  
  62  4:51  Probe  
  63  4:56  Probe  
  64  5:03  Probe  
  64  5:04  Gateway  
  65  5:08  Charge, Probe  
  65  5:09  High Templar x2  
  65  5:13  Immortal (Chrono Boost)  
  74  5:16  Probe  
  74  5:20  Probe  
  76  5:24  Psionic Storm  
  76  5:28  Gateway  
  76  5:31  Gateway  
  76  5:32  Probe  
  76  5:34  Shield Battery  
  76  5:35  Probe x2  
  79  5:44  Probe  
  79  5:47  Probe  
  81  5:52  Probe  
  81  5:53  Zealot  
  81  5:54  Zealot  
  81  5:56  Probe  
  86  6:00  Gateway x2  
  86  6:05  Probe  
  86  6:08  High Templar  
  86  6:09  Gateway  
  86  6:11  Gateway  
  89  6:14  Probe x2  
  89  6:16  High Templar, Assimilator  
  93  6:20  Pylon  
  93  6:22  Pylon  
  93  6:34  Assimilator  
  93  6:38  Observer (Chrono Boost), Probe x2  
  96  6:40  Zealot x4  
  104  6:50  Probe  
  104  6:51  Probe  
  104  6:53  Pylon  
  106  6:54  Zealot, Forge  
  106  6:55  Blink (Chrono Boost)  
  106  6:56  Pylon  
  108  7:01  Pylon  
  108  7:11  Immortal  
  112  7:20  Zealot x9  
  126  7:38  Archon  
  118  7:50  Archon, Immortal  
  100  7:53  Zealot x7  
  100  7:54  Zealot x2, Probe  
  105  8:04  Probe  
  82  8:14  Stalker x6  
  88  8:22  Probe x3  
  88  8:25  Shield Battery  
  87  8:29  High Templar x3, Immortal  
  97  8:35  Archon  
  97  8:39  Probe  
  98  8:43  Robotics Bay  
  98  8:45  Stalker x3  
  98  8:46  Stalker x3  
  108  9:01  Zealot  
  108  9:02  Zealot x2  
  112  9:08  Stalker  
  99  9:15  Stalker x5  
Tags
 
Add a new tag
Caveats
  • Supply blocks, unpowered buildings, or Contaminate may cause inaccurate times.
  • Supply counts are checked every 10 seconds.